 Dungeon Crawl Stone Soup version 0.19.4-9-g45fd643 (webtiles) character file.

278 DrClinical the Ducker (level 6, -1/41 HPs)
             Began as a Demonspawn Gladiator on Feb 22, 2017.
             Was a Follower of Dithmenos.
             Killed by divine providence
             ... invoked by an orc priest
              (11 damage)
             ... on level 3 of the Dungeon.
             The game lasted 00:24:35 (2122 turns).

DrClinical the Ducker (Demonspawn Gladiator)        Turns: 2122, Time: 00:24:36

Health: -1/41      AC:  5    Str: 15    XL:     6   Next: 5%
Magic:  0/6        EV: 13    Int:  9    God:    Dithmenos [*.....]
Gold:   54         SH:  6    Dex: 16    Spells: 0 memorised, 5 levels left

rFire  + . .     SeeInvis .     g - +2 spear (pierce)
rCold  . . .     Gourm    .     b - +0 leather armour
rNeg   . . .     Faith    .     (no shield)
rPois  +         Spirit   +     a - +2 hat
rElec  .         Reflect  .     (no cloak)
rCorr  .         Harm     .     (no gloves)
MR     .....                    (no boots)
Stlth  ++........               (no amulet)
                                E - ring of protection from fire
                                o - ring of poison resistance

@: wreathed by umbra, invisible
A: horns 2, large bone plates 2, frail 1, magic shield, rot immunity
a: Renounce Religion


You were on level 3 of the Dungeon.
You worshipped Dithmenos.
Dithmenos was aware of your devotion.
You were not hungry.

You visited 1 branch of the dungeon, and saw 4 of its levels.

You collected 54 gold pieces.

Inventory:

Hand Weapons
 g - a +2 spear of piercing (weapon)
 D - a +2 dagger of electrocution
Missiles
 d - 3 throwing nets
 j - 6 tomahawks (quivered)
 k - 37 bolts
Armour
 a - a +2 hat (worn)
 b - a +0 leather armour (worn)
 c - a +0 helmet
Jewellery
 o - a ring of poison resistance (left hand)
 r - an uncursed ring of magical power
 v - an uncursed ring of resist corrosion
 E - a ring of protection from fire (right hand)
Scrolls
 i - a scroll of enchant armour {unknown}
 l - a scroll of fear {unknown}
 m - 2 scrolls of teleportation {unknown}
 s - a scroll of recharging {unknown}
 t - a scroll of magic mapping {unknown}
 u - 2 scrolls of identify {unknown}
 x - a scroll of remove curse {unknown}
 y - a scroll of noise {unknown}
Potions
 z - a potion of ambrosia {unknown}
Comestibles
 f - 3 bread rations
 w - a meat ration
 B - a beef jerky
 C - a royal jelly


   Skills:
 + Level 2.8 Fighting
   Level 3.1 Maces & Flails
 + Level 3.1 Polearms
 + Level 2.1 Throwing
 + Level 1.8 Armour
 + Level 3.6 Dodging
 + Level 1.0 Stealth


You had 5 spell levels left.
You didn't know any spells.

Dungeon Overview and Level Annotations

Branches:
Dungeon (4/15)
 Temple: D:4-7

Altars:
Dithmenos
Gozag
Kikubaaqudgha
Nemelex Xobeh


Innate Abilities, Weirdness & Mutations

You are mostly covered in large bone plates. (SH +6)
When hurt, damage is shared between your health and your magic reserves.
You are immune to rotting.
You have a pair of horns on your head.
You are frail. (-10% HP)


Message History

The kobold throws a stone.
The stone barely misses you.
You closely miss the orc. The orc hits you with a short sword.
* * * LOW HITPOINT WARNING * * *
The kobold throws a stone.
The stone hits you but does no damage.
It was a potion of mutation.
You feel extremely strange. A pair of horns grows on your head!
You feel frail. The horns on your head grow some more.
You block the orc's attack.
It was a potion of flight.
You feel very buoyant.
You fly up into the air.
You block the orc's attack.
It was a potion of cancellation.
Your magical effects are unravelling.
You feel magically purged.
You float gracefully downwards.
It was a potion of invisibility.
You fade into invisibility!
The orc misses you.
The orc priest calls down the wrath of Beogh upon you.
Beogh smites you!
You die...

.#####.....# .
#.....# ... #.....#
#.# #..).#### .r.
####
#...##...##.##...##
#...#.8.8.#K#.8.8.#
###.#.._..#.#.._..#
#.#.8..o#.#...8.#
#.##..o[#@#'...#
#..#####oo.#####..
#........⌠........
##.#####...#####..
### +#.#'...##
#.#...8.# #.#.._..#
#.#.8.8.# #.##...##


You could see an orc priest, an orc, a kobold and a rat.

Vanquished Creatures
  2 orc wizards
  A bullfrog skeleton (D:4)
  Ijyb (D:3)
  Natasha (D:3)
  5 adders
  2 oozes (D:3)
  A worm (D:2)
  A dart slug (D:3)
  14 orcs
  3 ball pythons
  9 goblins
  7 hobgoblins
  4 jackals (D:1)
  7 kobolds
  6 bats
  8 rats
72 creatures vanquished.

Notes
Turn   | Place    | Note
-------+----------+-------------------------------------------
     0 | D:1      | DrClinical the Demonspawn Gladiator began the quest for the Orb.
     0 | D:1      | Reached XP level 1. HP: 16/16 MP: 1/1
   413 | D:1      | Gained mutation: You are immune to rotting. [demonic ancestry]
   413 | D:1      | Reached XP level 2. HP: 21/22 MP: 2/2
   850 | D:2      | Found a shadowy altar of Dithmenos.
   860 | D:2      | Became a worshipper of Dithmenos the Shadowed
   935 | D:2      | Gained mutation: You are partially covered in large bone plates. (SH +4) [demonic ancestry]
   935 | D:2      | Reached XP level 3. HP: 27/27 MP: 3/3
  1118 | D:2      | Reached skill level 1 in Polearms
  1383 | D:2      | Found a sparkling altar of Nemelex Xobeh.
  1392 | D:2      | Gained mutation: You are mostly covered in large bone plates. (SH +6) [demonic ancestry]
  1392 | D:2      | Reached XP level 4. HP: 28/34 MP: 4/4
  1408 | D:2      | Found a faded altar of an unknown god.
  1585 | D:2      | Reached skill level 1 in Armour
  1604 | D:3      | Reached * piety under Dithmenos
  1739 | D:3      | Reached XP level 5. HP: 29/39 MP: 5/5
  1886 | D:3      | Noticed Ijyb
  1902 | D:3      | Killed Ijyb
  2030 | D:3      | Noticed Natasha
  2033 | D:3      | Killed Natasha
  2033 | D:3      | Reached skill level 1 in Stealth
  2085 | D:3      | Found an opulent altar of Gozag.
  2097 | D:3      | Found a shadowy altar of Dithmenos.
  2100 | D:3      | Found an ancient bone altar of Kikubaaqudgha.
  2115 | D:3      | Gained mutation: When hurt, damage is shared between your health and your magic reserves. [demonic ancestry]
  2115 | D:3      | Reached XP level 6. HP: 13/46 MP: 6/6
  2119 | D:3      | Gained mutation: You have a pair of small horns on your head. [potion of mutation]
  2119 | D:3      | Gained mutation: You are frail. (-10% HP) [potion of mutation]
  2119 | D:3      | Gained mutation: You have a pair of horns on your head. [potion of mutation]
  2122 | D:3      | Killed from afar by an orc priest

Skill      XL: |  1  2  3  4  5 |
---------------+----------------+-----
Maces & Flails | 3 |  3.1
Throwing       | 2 |  2.1
Dodging        | 3 |  3.6
Polearms       | 1 2 3 |  3.1
Armour         | 1 |  1.8
Stealth        | 1 |  1.0
Fighting       | |  2.8

Action                   |  1- 3 |  4- 6 || total
-------------------------+-------+-------++-------
Melee: Spear             |    55 |   149 ||   204
       Flail             |     5 |       ||     5
       Whip              |    20 |       ||    20
Throw: Tomahawk          |     4 |     4 ||     8
  Use: Potion            |       |     4 ||     4
 Stab: Sleeping          |     1 |     1 ||     2
  Eat: Chunk             |     1 |     3 ||     4
Armor: Leather armour    |    10 |    12 ||    22
       Scale mail        |       |    13 ||    13
Dodge: Dodged            |    42 |    69 ||   111
Block: Other             |     6 |    31 ||    37
